 Dungeon Crawl Stone Soup version 0.29.1-14-g9c671dbff4 (webtiles) character file.

Game seed: 6229411044552274366

8485 Gabide the Thrower (level 10, -5/86 HPs)
             Began as a Demigod Gladiator on Feb 20, 2023.
             Slain by a two-headed ogre
             ... wielding a +0 giant club
              (15 damage)
             ... on level 9 of the Dungeon.
             The game lasted 00:21:24 (9693 turns).

Gabide the Thrower (Demigod Gladiator)              Turns: 9693, Time: 00:21:25

Health: -5/86      AC: 11    Str: 25    XL:     10   Next: 85%
Magic:  13/13      EV: 18    Int: 14    God:
Gold:   543        SH:  5    Dex: 23    Spells: 9/9 levels left

rFire   . . .      SeeInvis +   a - +8 whip "Ugohihi" {vamp, rPois Will++ Int+4}
rCold   . . .      Faith    .   (no shield)
rNeg    + . .      Spirit   .   b - +2 robe {Will+}
rPois   +          Reflect  +   c - +0 helmet
rElec   .          Harm     .   o - +1 cloak {Stlth+}
rCorr   .          Rampage  .   (no gloves)
Will    ++++.                   (no boots)
Stlth   +++.......              t - amulet of reflection
HPRegen 0.24/turn               v - ring "Soehal" {rN+ Str-2 Dex+8 SInv}
MPRegen 0.13/turn               f - +4 ring of protection

@: about to teleport
A: high MP 1, forlorn, divine attributes
a: no special abilities


You were on level 9 of the Dungeon.
You visited 1 branch of the dungeon, and saw 9 of its levels.

You collected 593 gold pieces.
You spent 50 gold pieces at shops.

Inventory:

Hand Weapons
 a - the +8 whip "Ugohihi" (weapon) {vamp, rPois Will++ Int+4}
   (You found it on level 2 of the Dungeon)

   It occasionally heals its wielder for a portion of the damage dealt when it
   wounds a living foe.
   Int:       It affects your intelligence (+4).
   rPois:     It protects you from poison.
   Will:      It greatly increases your willpower.
 h - a +1 demon whip of venom
Missiles
 i - a throwing net
 j - 60 stones (quivered)
 x - 3 javelins
Armour
 b - a +2 robe of willpower (worn)
 c - a +0 helmet (worn)
 d - +0 acid dragon scales
 o - a +1 cloak of stealth (worn)
 q - the +0 leather armour "Wudops" {Will+ rCorr Int+3}
   (You found it on level 2 of the Dungeon)

   Int:       It affects your intelligence (+3).
   rCorr:     It protects you from acid and corrosion.
   Will:      It increases your willpower.
Jewellery
 f - a +4 ring of protection (right hand)
 k - a ring of willpower
 l - an amulet of the acrobat
 t - an amulet of reflection (around neck)
 v - the ring "Soehal" (left hand) {rN+ Str-2 Dex+8 SInv}
   (You found it on level 6 of the Dungeon)

   [ring of see invisible]

   Str:       It affects your strength (-2).
   Dex:       It affects your dexterity (+8).
   rN:        It protects you from negative energy.
   SInv:      It lets you see invisible.
 w - a ring of flight
Wands
 p - a wand of polymorph (14)
Scrolls
 y - 2 scrolls of vulnerability {unknown}
 A - a scroll of fog
Potions
 e - a potion of mutation
 g - a potion of cancellation {unknown}
 m - a potion of curing
 r - 4 potions of brilliance
 u - a potion of invisibility {unknown}
 z - a potion of lignification


   Skills:
 + Level 7.3 Fighting
 - Level 0.7(4.7) Axes
 + Level 6.9 Maces & Flails
 - Level 2.8(2.9) Polearms
 * Level 10.2 Throwing
 + Level 7.6 Dodging


You had 9 spell levels left.
You didn't know any spells.
Your spell library contained the following spells:

 Spells                   Type           Power      Damage    Failure   Level
 Freeze                   Ice            0%         1d3       28%         1
 Blink                    Tloc           0%         N/A       41%         2
 Frozen Ramparts          Ice            0%         1d1       65%         3
 Lesser Beckoning         Tloc           0%         N/A       65%         3
 Tukima's Dance           Hex            0%         N/A       65%         3
 Corpse Rot               Necr/Pois/Air  0%         N/A       96%         4
 Dispel Undead            Necr           0%         3d6       96%         4
 Hailstorm                Conj/Ice       0%         3d3       96%         4
 Passage of Golubria      Tloc           0%         N/A       96%         4
 Manifold Assault         Tloc           0%         N/A       100%        5
 Yara's Violent Unravell  Hex/Tmut       0%         3d3       100%        5
 Death Channel            Necr           0%         N/A       100%        6


Dungeon Overview and Level Annotations

Branches:
Dungeon (9/15)             Temple (0/1) D:6            Lair (0/5) D:9
    Orc: D:9-12

Shops:
D:3 **   D:8 (

Annotations:
D:4 2 transporters, BabyfaceFinlayson's ghost, amateur OgFE
D:9 Harold


Innate Abilities, Weirdness & Mutations

You have an increased reservoir of magic. (+10% MP)
You shall have no god before yourself.
Your divine heritage dramatically boosts your attributes as you level up.


Message History

You kill the kobold!
You feel sick.
Throw: 3 darts (atropa)
Press: ? - help, Shift-Dir - straight line, f/p - two-headed ogre
Aim: a two-headed ogre, wielding a +0 giant club and a +0 giant spiked club (81% to hit, chance to blind on hit: 22%)
You throw an atropa-tipped dart.
The atropa-tipped dart hits the two-headed ogre!
The two-headed ogre resists.
You feel sick. The two-headed ogre misses you. x2
Throw: 2 darts (atropa)
Press: ? - help, Shift-Dir - straight line, f/p - two-headed ogre
Aim: a two-headed ogre, wielding a +0 giant club and a +0 giant spiked club (81% to hit, chance to blind on hit: 29%)
You throw an atropa-tipped dart.
The atropa-tipped dart hits the two-headed ogre!
The two-headed ogre resists.
Throw: dart (atropa)
Press: ? - help, Shift-Dir - straight line, f/p - two-headed ogre
Aim: a two-headed ogre, wielding a +0 giant club and a +0 giant spiked club (81% to hit, chance to blind on hit: 29%)
You throw an atropa-tipped dart.
The atropa-tipped dart hits the two-headed ogre!
The two-headed ogre resists.
You feel sick.
The two-headed ogre hits you with a +0 giant club!!
* * * LOW HITPOINT WARNING * * *
The two-headed ogre barely misses you.
You feel sick.
You are no longer poisoned.
Harold says, "Listen, it's nothing personal.
It's just a job."
Press: ? - help, v - describe, . - travel, g - get item
Here: Harold, wielding a +0 dire flail, wearing a +0 ring mail and quivering 2 throwing nets (lightly wounded)
Items here: (( ) †.
The floor.
Unknown command.
Unknown command.
Unknown command.
As you read the scroll of teleportation, it crumbles to dust.
You feel strangely unstable.
The two-headed ogre attacks as you move away!
The two-headed ogre hits you with a +0 giant club!
You die...

...# #..........# ...#
........... ...# #..........
...# #......(... ...#
#K.)..(... ..#########
##........ .####.....####
####.........
####..#...P..#####.K(K#.......
.##......PPP.P.#@O@#####.....#
..#.....P.P.P...#### #..#.#
#..........PP...## ### .
#..P..P...P.P.P..#
.....P.P####†..P.#########
.....P..'.)#P.P..........#
....PP..#.>#...P.#.......#
....P.P.####..P..........#
.......P..PP.P.P.........#


You could see Harold, a two-headed ogre and 2 kobolds.

Vanquished Creatures
  Gastronok (D:9)
  A hydra (D:8)
  A two-headed ogre (D:9)
  Amaemon (D:8)
  Pikel (D:5)
  An orange demon (D:8)
  A hornet (D:8)
  Prince Ribbit (D:6)
  4 yaks (D:6)
  A basilisk (D:6)
  Eustachio (D:6)
  Edmund (D:5)
  An acid dragon (D:9)
  A water moccasin (D:6)
  4 black bears
  An orc warrior (D:9)
  4 ice beasts
  A tengu (D:5)
  2 centaurs
  3 kobold brigands
  3 bullfrogs
  9 scorpions
  8 wights (D:8)
  5 killer bees
  2 howler monkeys
  A hound (D:7)
  7 orc priests
  Jessica (D:2)
  4 iguanas
  7 orc wizards
  8 adders
  2 white imps
  2 ufetubi
  2 worms
  3 dart slugs
  36 orcs
  A bat (D:2)
  2 endoplasms
  5 giant cockroaches
  5 hobgoblins
  4 jackals
  A quokka (D:1)
  6 ball pythons
  4 frilled lizards
  8 goblins
  19 kobolds
  5 rats
192 creatures vanquished.

Vanquished Creatures (others)
  2 jackals (D:5)
  2 plants (D:9)
4 creatures vanquished.

Grand Total: 196 creatures vanquished

Notes
Turn   | Place    | Note
-------+----------+-------------------------------------------
     0 | D:1      | Gabide the Demigod Gladiator began the quest for the Orb.
     0 | D:1      | Reached XP level 1. HP: 17/17 MP: 3/3
   202 | D:1      | Reached skill level 2 in Throwing
   785 | D:2      | Reached XP level 2. HP: 21/24 MP: 4/4
  1298 | D:2      | Reached XP level 3. HP: 28/29 MP: 5/5
  1546 | D:2      | Identified the +8 whip "Ugohihi" {vamp, rPois Will++ Int+4}
  1657 | D:2      | Noticed Jessica
  1661 | D:2      | Killed Jessica
  1711 | D:2      | Reached XP level 4. HP: 37/37 MP: 6/6
  1865 | D:2      | Identified the +0 leather armour "Wudops" {Will+ rCorr
                  | Int+3}
  2116 | D:3      | Reached skill level 3 in Throwing
  2213 | D:3      | Found Rodaris's General Store.
  2230 | D:3      | Reached skill level 1 in Maces & Flails
  2230 | D:3      | Reached XP level 5. HP: 14/42 MP: 7/7
  2436 | D:3      | Bought a potion of curing for 30 gold pieces
  2436 | D:3      | Bought a scroll of identify for 20 gold pieces
  2490 | D:3      | Found Zin's Purification Station.
  3054 | D:4      | Found a transporter.
  3059 | D:4      | Noticed BabyfaceFinlayson's ghost (amateur OgFE)
  3060 | D:4      | Noticed a black bear
  3070 | D:4      | Killed a black bear
  3218 | D:4      | Found a transporter.
  3734 | D:4      | Reached skill level 4 in Throwing
  3734 | D:4      | Reached XP level 6. HP: 35/51 MP: 8/8
  3968 | D:5      | Entered Level 5 of the Dungeon
  4001 | D:5      | Noticed Ijyb
  4191 | D:5      | Noticed Ijyb
  4191 | D:5      | Ijyb changed into Ijyb the killer bee
  4200 | D:5      | Killed Ijyb the killer bee
  4422 | D:5      | Noticed Pikel
  4427 | D:5      | Killed Pikel
  4428 | D:5      | Reached skill level 5 in Throwing
  4428 | D:5      | Reached XP level 7. HP: 48/58 MP: 9/9
  4607 | D:5      | Noticed Edmund
  4620 | D:5      | Killed Edmund
  4939 | D:6      | Noticed Prince Ribbit
  4954 | D:6      | Killed Prince Ribbit
  4955 | D:6      | Reached skill level 6 in Throwing
  4955 | D:6      | Reached skill level 5 in Dodging
  4955 | D:6      | Reached XP level 8. HP: 28/67 MP: 10/10
  4974 | D:6      | Identified the ring "Soehal" {rN+ Str-2 Dex+8 SInv}
  5687 | D:6      | Found a sand-covered staircase.
  5749 | D:6      | Found a runed translucent door.
  5750 | D:6      | Noticed Crazy Yiuf
  5758 | D:6      | Noticed Crazy Yiuf
  5758 | D:6      | Crazy Yiuf changed into Crazy Yiuf the basilisk
  5769 | D:6      | Killed Crazy Yiuf the basilisk
  5854 | D:6      | Noticed Maggie
  5861 | D:6      | Reached skill level 5 in Fighting
  5870 | D:6      | Noticed Maggie
  5870 | D:6      | Maggie changed into Maggie the tengu
  6068 | D:5      | Killed Maggie the tengu
  6069 | D:5      | Reached skill level 7 in Throwing
  6168 | D:6      | Found a staircase to the Ecumenical Temple.
  6202 | D:6      | Noticed Eustachio
  6220 | D:6      | Reached XP level 9. HP: 53/74 MP: 11/11
  6225 | D:6      | Killed Eustachio
  6634 | D:6      | Reached skill level 5 in Maces & Flails
  6647 | D:6      | Reached skill level 8 in Throwing
  7864 | D:8      | Found Vouninudi's Weapon Emporium.
  8133 | D:8      | Noticed a four-headed hydra
  8138 | D:8      | Killed a four-headed hydra
  8139 | D:8      | Reached skill level 9 in Throwing
  8139 | D:8      | Reached XP level 10. HP: 83/84 MP: 13/13
  8148 | D:8      | Paralysed by a hornet for 3 turns
  8482 | D:8      | Noticed Amaemon
  8504 | D:8      | Killed Amaemon
  8517 | D:8      | HP: 4/84 [orange demon[Amaemon] (11)]
  9150 | D:9      | Noticed Gastronok
  9152 | D:9      | Noticed a two-headed ogre
  9191 | D:9      | Killed a two-headed ogre
  9192 | D:9      | Reached skill level 10 in Throwing
  9206 | D:9      | Killed Gastronok
  9531 | D:9      | Found a staircase to the Lair.
  9667 | D:9      | Noticed Harold
  9668 | D:9      | Noticed a two-headed ogre
  9693 | D:9      | Slain by a two-headed ogre

Illustrated notes

Levels and vault maps discovered:
D:1:      minmay_arrival_doors, layout_loops_cross
D:2:      layout_rooms, dreamdust_ecumenical_altar_hidden_monk_grotto,
          minmay_octomino_j4, uniq_jessica
D:3:      layout_basic, elyvilon_altar_5, zin_purify, serial_shops, shop_statue
D:4:      layout_basic, amcnicky_altar_gilded, gammafunk_ghost_mausoleum
D:5:      layout_cave_pools, mainiacjoe_overflow_24_doors,
          mainiacjoe_overflow_cross_hatched, uniq_pikel, uniq_edmund, uniq_ijyb
D:6:      layout_layer_cave, minmay_temple_entry_statues_fountains,
          enter_ossuary_5, kennysheep_another_room, uniq_eustachio,
          uniq_crazy_yiuf_cottage, uniq_prince_ribbit1, uniq_maggie
D:7:      layout_loops_ring, mainiacjoe_overflow_two_lobes
D:8:      layout_rooms, nicolae_inconvenience_store, uniq_amaemon
D:9:      layout_cave_pods, nicolae_hepliaklqana_monster_ancestors,
          mainiacjoe_overflow_chevrons, grunt_lair_entry_orc_guard_hut,
          uniq_harold, uniq_gastronok

Skill      XL: |  1  2  3  4  5  6  7  8  9 10 |
---------------+-------------------------------+-----
Throwing       | 2 3 4 5 6 7 9 10 | 10.2
Fighting       | 2 3 4 5 6 7 |  7.3
Dodging        | 3 4 5 6 7 |  7.6
Maces & Flails | 1 3 4 6 |  6.9
Axes           | |  0.7
Polearms       | |  2.8

Action                   |  1- 3 |  4- 6 |  7- 9 | 10-12 || total
-------------------------+-------+-------+-------+-------++-------
Melee: Trident           |    20 |       |       |       ||    20
       War axe           |    44 |       |       |       ||    44
       Whip              |     5 |    89 |   291 |   150 ||   535
       Punch             |       |     1 |     4 |     4 ||     9
Throw: Stone             |     5 |    26 |     2 |       ||    33
       Dart              |       |     2 |    13 |    13 ||    28
       Throwing net      |       |     2 |     7 |     2 ||    11
       Javelin           |       |     6 |    12 |     6 ||    24
Evoke: Wand              |       |     4 |    22 |     2 ||    28
  Use: Scroll            |       |     7 |     8 |     1 ||    16
       Potion            |       |     1 |     3 |     8 ||    12
 Stab: Sleeping          |     3 |       |     4 |     1 ||     8
       Invisible         |       |       |     4 |     3 ||     7
       Distracted        |       |       |     1 |       ||     1
       Held in net/web   |       |       |       |     1 ||     1
Armor: Leather armour    |    20 |       |       |       ||    20
       Robe              |       |    15 |   130 |    32 ||   177
       Skin              |       |     9 |       |       ||     9
Dodge: Dodged            |    37 |    68 |   321 |   111 ||   537
Block: Other             |       |       |    12 |    35 ||    47
       Reflection        |       |       |       |     1 ||     1
